 Dungeon Crawl Stone Soup version 0.31-a0-977-gc230f8ef24 (webtiles) character file.

Game seed: 1006385584313593137

719 BeKind the Chiller (level 7, 0/51 (55) HPs)
             Began as a Barachi Ice Elementalist on Oct 30, 2023.
             Was an Initiate of Gozag.
             Slain by a killer bee (7 damage)
             ... on level 6 of the Dungeon.
             The game lasted 00:12:30 (5101 turns).

BeKind the Chiller (Barachi Ice Elementalist)       Turns: 5101, Time: 00:12:30

HP:   0/51 (55)     AC:  4    Str: 10      XL:     7   Next: 70%
MP:   13/13         EV: 13    Int: 14 (17) God:    Gozag
Gold: 290           SH:  0    Dex: 11 (12) Spells: 7/14 levels left

rFire   . . .        e - +0 short sword
rCold   . . .        (no shield)
rNeg    . . .        a - +0 robe
rPois   .            k - +0 helmet
rElec   .            (no cloak)
rCorr   .            d - +0 pair of gloves
SInv    .            (no boots)
Will    .....        (no amulet)
Stlth   ++           (no ring)
HPRegen 0.28/turn    (no ring)
MPRegen 0.13/turn

%: no passive effects
@: unable to hop, drained, invisible, slow
A: amphibious, slowness 1, strong legs 1, +LOS
a: Hop, Renounce Religion, Potion Petition, Call Merchant, Bribe Branch


You were on level 6 of the Dungeon.
You worshipped Gozag.
Gozag was aware of your devotion.
You visited 2 branches of the dungeon, and saw 7 of its levels.

You collected 391 gold pieces.
You paid 101 gold pieces to Gozag.

Inventory:

Hand Weapons
 e - a +0 short sword (weapon)
Armour
 a - a +0 robe (worn)
 d - a +0 pair of gloves (worn)
 k - a +0 helmet (worn)
Talismans
 t - a maw talisman
Wands
 m - a wand of mindburst (10)
Scrolls
 c - a scroll of identify
 h - a scroll of brand weapon
 i - a scroll of vulnerability {unknown}
 j - a scroll of revelation {unknown}
 p - a scroll of enchant weapon
 r - a scroll of enchant armour {unknown}
 s - a scroll of noise {unknown}
 v - a scroll of blinking {unknown}
Potions
 b - a potion of magic
 g - a potion of degeneration
 l - a potion of attraction
 n - a potion of cancellation {unknown}
 q - a potion of enlightenment {unknown}


   Skills:
 * Level 4.6 Fighting
 * Level 5.8 Dodging
 - Level 2.0 Stealth
 + Level 4.0 Spellcasting
 + Level 6.5 Ice Magic


You had 7 spell levels left.
You knew the following spells:

 Your Spells              Type           Power      Damage    Failure   Level
a - Freeze                Ice            84%        1d9       1%          1
b - Frozen Ramparts       Ice            42%        1d7       4%          3
c - Ozocubu's Armour      Ice            21%        N/A       4%          3

Your spell library contained the following spells:

 Spells                   Type           Power      Damage    Failure   Level
 Poisonous Vapours        Pois/Air       4%         N/A       28%         2
 Summon Ice Beast         Ice/Summ       11%        N/A       45%         4
 Gell's Gravitas          Tloc           2%         N/A       50%         3
 Mephitic Cloud           Conj/Pois/Air  2%         N/A       50%         3
 Teleport Other           Tloc           2%         N/A       50%         3
 Freezing Cloud           Conj/Ice/Air   4%         6-21      91%         5
 Dispersal                Tloc           1%         N/A       100%        6


Dungeon Overview and Level Annotations

Branches:
Dungeon (6/15)             Temple (1/1) D:5

Altars:
Dithmenos
Elyvilon
Fedhas
Gozag
Kikubaaqudgha
Makhleb
Nemelex Xobeh
Ru
Sif Muna
Trog
Vehumet
Yredelemnul
Zin
The Shining One

Shops:
D:1 [

Annotations:
D:5 2 transporters, voltaire321's ghost, novice GrFi
D:6 Menkaure


Innate Abilities, Weirdness & Mutations

You are amphibious.
You cover ground slowly.
You can hop short distances.
You have an extended range of vision and can be seen from far away.


Message History

A killer bee comes into view.
The wight hits you with a +0 mace!
You feel drained.
The wight hits you from afar with a +0 halberd!
You feel drained.
There is a stone staircase leading up here.
The wight hits you with a +0 mace. The orc misses you. x2
The wight hits you with a +3 falchion. The wight barely misses you.
You climb upwards.
Level annotation: 2 transporters, voltaire321's ghost, novice GrFi
There is a stone staircase leading down here.
The air fills with toxic fumes!
As you read the scroll labelled MIQIOPPOVO, it crumbles to dust.
It was a scroll of poison.
The orc barely misses you. The wight misses you.
The wight hits you with a +0 mace! The orc hits you with a +0 flail.
Okay, then.
Okay, then.
You fade into invisibility!
The orc misses you. The orc barely misses you. The wight completely misses you.
The wight misses you. The orc closely misses you. The orc misses you.
The wight closely misses you. The orc misses you. The wight barely misses you.
You climb downwards.
The orc shouts!
The killer bee stings you.
* * * LOW HITPOINT WARNING * * *
The killer bee stings you.
* * * LOW HITPOINT WARNING * * *
The killer bee closely misses you. The killer bee barely misses you.
The wight misses you. The killer bee barely misses you.
The killer bee stings you.
* * * LOW HITPOINT WARNING * * *
There is a stone staircase leading up here.
Hop to where?
Press: ? - help, Dir - move target Menkaure, Prince of Dust comes into view.
Found a book of Air.
Boing!
Menkaure shouts!
The killer bee stings you!
You die...
Your body crumbles into a pile of gold.

.........
..:.....
.y.....## .M....#
#yo.....# ###
#....## #.......#
...#.....#
.......#
#.......# #...).#
#.....####....###
#....y..........#
#...@#...oz.....#
#....#!.yzo..<..#
######...zz.....#
#..........#
#..........#
#..........#
#..........#
#..........#
############


You could see Menkaure and a killer bee (unable to see you).

Vanquished Creatures
  A black bear (D:5)
  An ice beast (D:5)
  An ogre (D:5)
  A bullfrog (D:4)
  A scorpion (D:4)
  A hound (D:5)
  A sleepcap (D:5)
  4 iguanas
  An orc wizard (D:5)
  4 gnolls (D:4)
  5 adders
  2 dart slugs (D:2)
  7 orcs
  9 ball pythons
  6 endoplasms
  7 giant cockroaches
  5 goblins
  A hobgoblin (D:2)
  A quokka (D:2)
  3 bats
  3 frilled lizards
  3 kobolds
  4 rats
72 creatures vanquished.

Notes
Turn   | Place    | Note
-------+----------+-------------------------------------------
     0 | D:1      | BeKind the Barachi Ice Elementalist began the quest for the
                  | Orb.
     0 | D:1      | Reached XP level 1. HP: 13/13 MP: 3/3
   212 | D:1      | Found a faded altar of an unknown god.
   212 | D:1      | Found a faded altar of an unknown god.
   431 | D:1      | Reached XP level 2. HP: 13/19 MP: 0/5
   488 | D:1      | Found Woisch's Antique Armour Emporium.
   569 | D:1      | Reached skill level 5 in Ice Magic
  1077 | D:2      | Reached XP level 3. HP: 25/25 MP: 4/6
  1118 | D:2      | Found a basalt altar of Yredelemnul.
  1496 | D:2      | Reached skill level 1 in Fighting
  1559 | D:2      | Learned a level 3 spell: Frozen Ramparts
  1563 | D:2      | Learned a level 3 spell: Ozocubu's Armour
  1786 | D:3      | Reached XP level 4. HP: 31/32 MP: 3/8
  2209 | D:3      | Found a shimmering blue altar of Sif Muna.
  2525 | D:4      | Noticed a bullfrog
  2539 | D:4      | Killed a bullfrog
  2540 | D:4      | Reached XP level 5. HP: 35/38 MP: 1/9
  2840 | D:4      | Found a shadowy altar of Dithmenos.
  2858 | D:4      | Reached XP level 6. HP: 37/46 MP: 3/11
  3198 | D:5      | Entered Level 5 of the Dungeon
  3225 | D:5      | Reached skill level 6 in Ice Magic
  3333 | D:5      | Found a staircase to the Ecumenical Temple.
  3343 | Temple   | Entered the Ecumenical Temple
  3379 | Temple   | Became a worshipper of Gozag Ym Sagoz the Greedy
  3402 | D:5      | Noticed a black bear
  3413 | D:5      | Killed a black bear
  3414 | D:5      | Reached skill level 5 in Dodging
  3590 | D:5      | Reached XP level 7. HP: 45/53 MP: 5/12
  3695 | D:5      | Noticed a two-headed ogre
  3695 | D:5      | Noticed voltaire321's ghost (novice GrFi)
  3697 | D:5      | Found a transporter.
  3723 | D:5      | Found a transporter.
  3754 | D:5      | Found a burning altar of Makhleb.
  5099 | D:6      | Noticed Menkaure
  5101 | D:6      | Slain by a killer bee

Illustrated notes

Levels and vault maps discovered:
D:1:      dpeg_chamrin_arrival_tetris, layout_basic,
          hellmonk_ecumenical_altar_the_god_not_taken, serial_shops, shop
D:2:      layout_basic, basic_altar, minmay_misc_feat_enclosed,
          chequers_serial_rivers_small_a
D:3:      layout_basic, lemuel_round_altar, minmay_misc_feat_columns,
          kennysheep_small_spiral
D:4:      layout_basic, mainiacjoe_overflow_tiny_flanked
D:5:      layout_gridville, lemuel_round_altar, minmay_temple_entry_arrows,
          gammafunk_ghost_arena
D:6:      due_chaos_kobolds, layout_rooms, kennysheep_mini,
          amcnicky_altar_gilded, nicolae_overflow_hidden_temple, uniq_jeremiah,
          uniq_menkaure
Temple:   hellmonk_temple_of_storms

Skill      XL: |  1  2  3  4  5  6  7 |
---------------+----------------------+-----
Stealth        | 2 |  2.0
Ice Magic      | 5 6 |  6.5
Fighting       | 1 2 3 4 |  4.6
Dodging        | 3 4 5 |  5.8
Spellcasting   | 3 4 |  4.0

Action                     |  1- 3 |  4- 6 |  7- 9 || total
---------------------------+-------+-------+-------++-------
  Melee: Short sword       |    49 |    17 |    20 ||    86
         Unarmed           |     1 |       |       ||     1
   Cast: Freeze            |    42 |    51 |    19 ||   112
         Frozen Ramparts   |       |     3 |     3 ||     6
Ability: Hop               |       |     1 |     2 ||     3
    Use: Scroll            |       |       |     7 ||     7
         Potion            |       |       |     3 ||     3
   Stab: Sleeping          |       |     1 |       ||     1
 Armour: Robe              |    39 |    38 |    35 ||   112
  Dodge: Dodged            |    55 |    37 |    55 ||   147

Table legend: (Time is in decaauts)
 A = Elapsed time spent in this place.
 B = Non-inter-level travel time spent in this place.
 C = Inter-level travel time spent in this place.
 D = Time resting spent in this place.
 E = Time spent auto-exploring this place.
 F = Levels seen in this place.
 G = Mean time per level.
                   A        B        C        D        E       F      G
               +--------+--------+--------+--------+--------+-----+--------+
         Total |   5700 |   5256 |    444 |    460 |   4078 |   7 |  814.3 |
       Dungeon |   5643 |   5253 |    390 |    460 |   4078 |   6 |  940.5 |
        Temple |     56 |      2 |     54 |      0 |      0 |   1 |   56.0 |
               +--------+--------+--------+--------+--------+-----+--------+

Top non-repeatable levels by time:
     D:5: 2028 daAuts
     D:1: 1030 daAuts
     D:3: 989 daAuts
     D:2: 877 daAuts
     D:4: 707 daAuts
  Temple: 56 daAuts
     D:6: 10 daAuts
